 Dungeon Crawl Stone Soup version 0.27-a0-1149-g4505690ab0 (webtiles) character file.

Game seed: 611852345489892793

194 Sobieck the Cleaver (level 5, 0/46 HPs)
             Began as a Hill Orc Monk on May 12, 2021.
             Slain by a scorpion (9 damage)
             ... on level 5 of the Dungeon.
             The game lasted 00:06:40 (3476 turns).

Sobieck the Cleaver (Hill Orc Monk)                 Turns: 3476, Time: 00:06:40

Health: 0/46       AC:  2    Str: 15    XL:     5   Next: 73%
Magic:  5/5        EV: 12    Int: 10    God:
Gold:   117        SH:  0    Dex: 13    Spells: 4/4 levels left

rFire    . . .     SeeInvis .   a - +0 hand axe {axe}
rCold    . . .     Faith    .   (no shield)
rNeg     . . .     Spirit   .   l - +0 robe
rPois    .         Reflect  .   x - +0 hat
rElec    .         Harm     .   (no cloak)
rCorr    .         Rampage  .   (no gloves)
Will     .....                  (no boots)
Stlth    ++........             (no amulet)
HPRegen  0.15/turn              (no ring)
MPRegen  0.09/turn              (no ring)

@: lethally poisoned (0 -> -5)
A: no striking features
a: no special abilities


You were on level 5 of the Dungeon.
You visited 1 branch of the dungeon, and saw 5 of its levels.

You collected 117 gold pieces.


   Skills:
 - Level 4.0 Fighting
 + Level 8.0 Axes
 - Level 2.4 Dodging
 - Level 1.5 Stealth


You had 4 spell levels left.
You didn't know any spells.
Your spell library contained the following spells:

 Spells                   Type           Power      Damage    Failure   Level
 Beastly Appendage        Tmut           0%         N/A       36%         1
 Freeze                   Ice            0%         1d3       36%         1
 Wereblood                Tmut           0%         N/A       50%         2
 Frozen Ramparts          Ice            0%         1d2       75%         3
 Ozocubu's Armour         Ice            0%         N/A       75%         3
 Spider Form              Tmut/Pois      0%         N/A       75%         3
 Hailstorm                Conj/Ice       0%         3d3       98%         4
 Ice Form                 Ice/Tmut       0%         N/A       98%         4
 Hydra Form               Tmut           0%         N/A       100%        5
 Metabolic Englaciation   Hex/Ice        0%         N/A       100%        5

Inventory:

Hand Weapons
 a - a +0 hand axe (weapon) {axe}
 b - a +0 hunting sling {sling}
   (You found it on level 1 of the Dungeon)
 f - a +1 dagger of flaming {short}
   (You took it off a goblin on level 1 of the Dungeon)
Missiles
 h - 167 stones {throwing}
 i - 35 bolts
 m - 6 boomerangs {throwing}
 s - 6 poisoned darts (quivered) {throwing}
Armour
 l - a +0 robe (worn)
 x - a +0 hat (worn)
   (You found it on level 4 of the Dungeon)
Magical Staves
 y - a staff of conjuration {!a@e2staff}
   (You found it on level 4 of the Dungeon)
Jewellery
 w - a ring of ice
   (You took it off a hobgoblin on level 3 of the Dungeon)
Wands
 t - a wand of flame (20)
   (You found it on level 3 of the Dungeon)
Scrolls
 j - 3 scrolls of magic mapping {!r}
 k - 4 scrolls of identify {unknown}
 n - a scroll of fog {unknown}
 q - a scroll of noise {unknown}
 u - a scroll of brand weapon {unknown}
 v - a scroll of acquirement {unknown}
Potions
 c - a potion of curing {unknown}
 d - a potion of flight {unknown}
 e - a potion of lignification {unknown}
 o - 2 potions of ambrosia {unknown}
 p - a potion of attraction {unknown}
 r - a potion of brilliance {unknown}

Dungeon Overview and Level Annotations

Branches:
Dungeon (5/15)
 Temple: D:4-7

Altars:
Vehumet

Annotations:
D:3 exclusion: downstairs

******** *,,,,,,* *,,,,,,*
*********** *,,,,,,*
*###****,,,,,,,,,* *,,,,,,*
*..,,,,,,,,,,,,,,*
*,,,,,,########.#*****,,,,,,,,,*
*,,,,,,.........* ***,*******
*,,,,,,..>.....########.?****
,,,,,,,........s@!.......,,,****
*,,,,,,######.###.#####...,,,,,*
,,,,,,,,<,,...#...####...#******
**********#####.##......#*
******** *#..#<.###.##
,,,,,,,*****#..#..## *,*
******,,,,,,#.##.## **,* ****
******,..*#.* *,,**** ,,,*
****,..,,..****,***,*


You could see a scorpion.


Message History

You see here an adder corpse. 😕 HP[+1]
There is a stone staircase leading up here.
h - 164 stones {throwing} (gained 1)
s - 3 poisoned darts {throwing} (gained 1)
h - 165 stones {throwing} (gained 1) 😕 HP[+1]
h - 166 stones {throwing} (gained 1)
s - 4 poisoned darts {throwing} (gained 1)
s - 5 poisoned darts {throwing} (gained 1)
s - 6 poisoned darts {throwing} (gained 1)
You now have 117 gold pieces (gained 8). 😕 HP[+1]
h - 167 stones {throwing} (gained 1)
b - a +0 hunting sling (weapon)
{sling}
k - 4 scrolls labelled KULATTOTUU (gained 1)
h - 168 stones {throwing} (gained 1)
h - 169 stones {throwing} (gained 1)
There is a radiant altar of Vehumet here.
y - a staff of conjuration {!a@e2staff} 😎 HP[+4]
Your hp is fully restored (46).
There is a stone staircase leading up here.
As you read the scroll labelled QONNIRGH NYNTOA, it crumbles to dust.
You speak a Word of immense power!
It was a scroll of holy word.
As you read the scroll labelled ELEUGU EPRUE, it crumbles to dust.
You feel aware of your surroundings.
It was a scroll of magic mapping.
Unknown command.
(D) Dungeon
Where to? (Enter - D:4, ? - help)
Found 16 gold pieces.
Found a stone staircase leading down.
Found a stone staircase leading down.
An endoplasm is nearby!
You shoot a stone {throwing}. The endoplasm quivers.
The stone {throwing} hits the endoplasm.
You shoot a stone {throwing}.
The stone {throwing} hits the endoplasm.
You kill the endoplasm!
No target in view!
(D) Dungeon
Where to? (Enter - D:5, ? - help)
There is a stone staircase leading down here.
You climb downwards.
There is a stone staircase leading up here.
Really read
j - 4 scrolls of magic mapping {!r}?
As you read the scroll of magic mapping {!r}, it crumbles to dust.
You feel aware of your surroundings.
Unknown command.
Unknown command.
Unknown command.
(D) Dungeon
Where to? (Enter - D:5, ? - help)
Found a stone staircase leading down.
A scorpion comes into view.
a - a +0 hand axe (weapon)
{axe} You hit the scorpion.
The scorpion barely misses you.
You barely miss the scorpion. The scorpion stings you.
You are poisoned.
The scorpion poisons you! 😕 HP[-5]
You take 5 damage, and now have 41/46 hp.
You feel very sick. 😕 HP[-4]
You take 4 damage, and now have 37/46 hp.
You hit the scorpion.
You feel sick. The scorpion stings you. 😮 HP[-4]
You take 4 damage, and now have 33/46 hp.
You completely miss the scorpion.
You feel sick. The scorpion stings you.
You are more poisoned.
The scorpion poisons you! 😮 HP[-6]
You take 6 damage, and now have 27/46 hp.
You hit the scorpion.
You feel very sick.
The scorpion closely misses you. 😨 HP[-4]
You take 4 damage, and now have 23/46 hp.
You closely miss the scorpion.
You feel very sick. The scorpion stings you.
* * * LOW HITPOINT WARNING * * *
😨 HP[-7]
You take 7 damage, and now have 16/46 hp.
Unknown command.
You hit the scorpion but do no damage.
You feel sick.
The scorpion stings you but does no damage.
The scorpion misses you. 😨 HP[-2]
You take 2 damage, and now have 14/46 hp.
You hit the scorpion but do no damage.
You feel sick.
The scorpion barely misses you. 😨 HP[-2]
You take 2 damage, and now have 12/46 hp.
Unknown command.
You barely miss the scorpion.
You feel sick. The scorpion misses you. 😱 HP[-2]
You take 2 damage, and now have 10/46 hp.
You closely miss the scorpion.
You feel sick. The scorpion stings you!
You die...

Skill      XL: |  1  2  3  4  5 |
---------------+----------------+-----
Fighting       | 4 |  4.0
Axes           | 5 6 7 8 |  8.0
Dodging        | |  2.4
Stealth        | |  1.5

Action                   |  1- 3 |  4- 6 || total
-------------------------+-------+-------++-------
Melee: Hand axe          |    76 |    57 ||   133
 Fire: Hunting sling     |    61 |    54 ||   115
Throw: Stone             |     2 |       ||     2
       Dart              |       |     7 ||     7
  Use: Scroll            |       |     3 ||     3
 Stab: Sleeping          |     4 |       ||     4
Armor: Robe              |    19 |     8 ||    27
Dodge: Dodged            |    44 |    33 ||    77

Levels and vault maps discovered:
D:1:      scummos_arrival_simple_fountains, layout_basic,
          chequers_ecumenical_altar_island, minmay_tripent
D:2:      layout_basic, serial_bayou_lagoon_a, kennysheep_generic_room_7
D:3:      wad_river_or_something, layout_basic
D:4:      layout_cave_pools, overflow_temple_1_default, minmay_misc_feat_plants,
          hex_large, goddamned_bats, uniq_ijyb
D:5:      layout_rooms

Notes
Turn   | Place    | Note
-------+----------+-------------------------------------------
     0 | D:1      | Sobieck the Hill Orc Monk began the quest for the Orb.
     0 | D:1      | Reached XP level 1. HP: 19/19 MP: 1/1
     0 | D:1      | magus.rc [v1.9.6]
   316 | D:1      | Reached XP level 2. HP: 27/27 MP: 2/2
   324 | D:1      | Reached skill level 4 in Fighting
   343 | D:1      | You pick up a book of Frost and begin reading...
   343 | D:1      | You add the spells Freeze, Frozen Ramparts, Ozocubu's
                  | Armour, Hailstorm and Metabolic Englaciation to your
                  | library.
   474 | D:1      | Found a faded altar of an unknown god.
  1092 | D:2      | You fall into a shaft and drop 1 floor!
  1298 | D:2      | Reached skill level 5 in Axes
  1309 | D:2      | Reached XP level 3. HP: 31/33 MP: 3/3
  1472 | D:2      | You pick up a book of Changes and begin reading...
  1472 | D:2      | You add the spells Beastly Appendage, Wereblood, Spider
                  | Form, Ice Form and Hydra Form to your library.
  1951 | D:4      | Found a radiant altar of Vehumet.
  2139 | D:4      | Reached skill level 6 in Axes
  2244 | D:3      | Reached XP level 4. HP: 40/40 MP: 4/4
  2637 | D:4      | Noticed an ogre
  2659 | D:3      | Killed an ogre
  2660 | D:3      | Reached skill level 7 in Axes
  2660 | D:3      | Reached XP level 5. HP: 19/46 MP: 5/5
  3359 | D:4      | Reached skill level 8 in Axes
  3455 | D:5      | Entered Level 5 of the Dungeon
  3475 | D:5      | HP: 10/46 [poisoned by a scorpion]
  3476 | D:5      | Slain by a scorpion

Vanquished Creatures
  An ogre (D:3)
  3 adders
  A worm (D:2)
  A dart slug (D:3)
  2 orcs (D:3)
  3 ball pythons
  5 bats
  6 endoplasms
  6 giant cockroaches
  8 goblins
  9 hobgoblins
  7 jackals
  2 quokkas (D:3)
  5 frilled lizards
  6 kobolds
  5 rats
70 creatures vanquished.

Vanquished Creatures (others)
  32 plants (D:2)
32 creatures vanquished.

Grand Total: 102 creatures vanquished

Table legend:
 A = Non-vault XP
 B = Vault XP
 C = Vault XP percentage of total XP
 D = Non-vault monster count
 E = Vault monster count
 F = Vault count percentage of total count
                 A         B        C        D         E       F
            +---------+---------+-------+---------+---------+-------
      Total |     254 |      24 |   8.6 |      57 |      13 |  18.6
            +---------+---------+-------+---------+---------+-------
        D:1 |      22 |       3 |  12.0 |      13 |       2 |  13.3
        D:2 |      28 |       3 |   9.7 |      15 |       2 |  11.8
        D:3 |     173 |      18 |   9.4 |      19 |       9 |  32.1
        D:4 |      31 |       0 |   0.0 |      10 |       0 |   0.0
            +---------+---------+-------+---------+---------+-------

Illustrated notes

Table legend:
 A = Kills in this place as a percentage of kills in entire the game.
 B = Kills by you in this place as a percentage of kills by you in the entire game.
 C = Kills by friends in this place as a percentage of kills by friends in the entire game.
 D = Other kills in this place as a percentage of other kills in the entire game.
 E = Experience gained in this place as a percentage of experience gained in the entire game.
 F = Experience gained in this place divided by the number of levels of this place that you have seen.
                   A       B       C       D       E      F
               +-------+-------+-------+-------+-------+----------------------
         Total | 100.0 | 100.0 |   N/A |   N/A | 100.0 |  55.6
       Dungeon | 100.0 | 100.0 |   N/A |   N/A | 100.0 |  55.6
               +-------+-------+-------+-------+-------+----------------------

Table legend: (Time is in decaauts)
 A = Elapsed time spent in this place.
 B = Non-inter-level travel time spent in this place.
 C = Inter-level travel time spent in this place.
 D = Time resting spent in this place.
 E = Time spent auto-exploring this place.
 F = Levels seen in this place.
 G = Mean time per level.
                   A        B        C        D        E       F      G
               +--------+--------+--------+--------+--------+-----+--------+
         Total |   3502 |   3338 |    164 |    258 |   2431 |   5 |  700.4 |
       Dungeon |   3502 |   3338 |    164 |    258 |   2431 |   5 |  700.4 |
               +--------+--------+--------+--------+--------+-----+--------+

Top non-repeatable levels by time:
     D:3: 1417 daAuts
     D:1: 1078 daAuts
     D:2: 735 daAuts
     D:4: 252 daAuts
     D:5: 19 daAuts
